 Dungeon Crawl Stone Soup version 0.29.1-2-gbd0b4ee654 (webtiles) character file.

Game seed: 18249888677439864279

2399 Hadkhar the Blocker (level 9, 0/61 (72) HPs)
             Began as a Formicid Fighter on Nov 11, 2022.
             Was an Initiate of Wu Jian.
             Slain by an orc warrior
             ... wielding a +0 scimitar of draining
              (6 damage)
             ... on level 7 of the Dungeon.
             The game lasted 00:34:45 (8928 turns).

Hadkhar the Blocker (Formicid Fighter)              Turns: 8928, Time: 00:34:46

HP:   0/61 (72)     AC: 14    Str: 25    XL:     9   Next: 75%
MP:   9/9           EV:  6    Int:  8    God:    Wu Jian [......]
Gold: 419           SH: 11    Dex: 13    Spells: 8/8 levels left

rFire   . . .      SeeInvis +   f - +0 flail (vorpal)
rCold   . . .      Faith    .   u - +0 kite shield
rNeg    . . .      Spirit   .   m - +0 plate armour
rPois   .          Reflect  .   (helmet unavailable)
rElec   .          Harm     .   (no cloak)
rCorr   .          Rampage  .   (no gloves)
Will    .....                   s - +0 pair of boots {Stlth+}
Stlth   ..........              (no amulet)
HPRegen 0.20/turn               (no ring)
MPRegen 0.11/turn               (no ring)

@: heavily drained
A: permanent stasis, dig shafts and tunnels, antennae 3, four strong arms
a: Dig, Shaft Self, Renounce Religion


You were on level 7 of the Dungeon.
You worshipped Wu Jian.
Wu Jian was noncommittal.
You visited 1 branch of the dungeon, and saw 7 of its levels.
You also visited: Sewer and Ossuary.

You collected 419 gold pieces.

Inventory:

Hand Weapons
 a - a +0 war axe
 f - a +0 vorpal flail (weapon)
 q - a +1 whip of flaming
 G - a +0 dire flail
Armour
 c - a +0 buckler
 m - a +0 plate armour (worn)
 s - a +0 pair of boots of stealth (worn)
 u - a +0 kite shield (worn)
Wands
 j - a wand of iceblast (11)
 n - a wand of flame (4)
 v - a wand of digging (10)
 E - a wand of mindburst (20)
Scrolls
 b - 3 scrolls of enchant weapon {unknown}
 e - 3 scrolls of magic mapping {unknown}
 l - 3 scrolls of noise {unknown}
 o - 3 scrolls of fear {unknown}
 p - 2 scrolls of brand weapon {unknown}
 t - 4 scrolls of poison
 w - a scroll of vulnerability {unknown}
 x - a scroll of enchant armour {unknown}
 y - 2 scrolls of blinking {unknown}
 z - 2 scrolls of immolation {unknown}
 B - a scroll of fog {unknown}
 C - a scroll of summoning {unknown}
Potions
 d - 2 potions of might
 g - a potion of lignification
 h - 3 potions of curing
 i - 3 potions of attraction
 k - 4 potions of brilliance
 r - 2 potions of heal wounds
 A - a potion of flight {unknown}
 D - a potion of ambrosia {unknown}
 F - a potion of mutation {unknown}


   Skills:
 + Level 7.5 Fighting
 - Level 2.2(2.7) Axes
 - Level 2.3(2.8) Maces & Flails
 + Level 7.5 Armour
 + Level 7.0 Stealth
 + Level 9.1 Shields


You had 8 spell levels left.
You didn't know any spells.
Your spell library contained the following spells:

 Spells                   Type           Power      Damage    Failure   Level
 Call Canine Familiar     Summ           0%         N/A       100%        3
 Portal Projectile        Hex/Tloc       0%         N/A       100%        3
 Animate Dead             Necr           0%         N/A       100%        4
 Leda's Liquefaction      Hex/Erth       0%         N/A       100%        4
 Summon Forest            Summ/Tloc      0%         N/A       100%        5
 Eringya's Noxious Bog    Tmut/Pois      0%         N/A       100%        6
 Haunt                    Necr/Summ      0%         N/A       100%        7
 Summon Hydra             Summ           0%         N/A       100%        7
 Infestation              Necr           0%         N/A       100%        8


Dungeon Overview and Level Annotations

Branches:
Dungeon (7/15)             Temple (0/1) D:6           Sewer (visited)
Ossuary (visited)

Altars:
Fedhas
Kikubaaqudgha
Sif Muna
Trog
Wu Jian
Zin
The Shining One


Innate Abilities, Weirdness & Mutations

You cannot be hasted, slowed, berserked, paralysed or teleported.
You can dig through walls and to a lower floor.
You have a pair of large antennae on your head. (SInv)
Your four strong arms can wield two-handed weapons with a shield.


Message History

The orc barely misses you.
You hit the orc warrior but do no damage.
The orc hits you from afar with a +0 trident.
You block the orc warrior's attack. You block the orc's attack.
The orc warrior barely misses you.
You hit the orc warrior but do no damage.
You block the orc's attack.
The orc warrior hits you but does no damage.
You feel drained.
You sock the orc warrior!
The orc warrior is heavily wounded.
The orc hits you but does no damage.
The orc warrior hits you with a +0 scimitar of draining.
You feel drained.
You sock the orc warrior!
The orc warrior is almost dead.
You block the orc warrior's attack. The orc hits you but does no damage.
The orc warrior barely misses you.
The orc hits you from afar with a +0 trident.
You hit the orc warrior but do no damage.
The orc warrior is almost dead.
You block the orc's attack. You block the orc warrior's attack.
You hit the orc warrior but do no damage.
The orc warrior is almost dead.
You block the orc's attack.
The orc warrior hits you with a +0 scimitar of draining!
You feel drained.
The orc hits you from afar with a +0 trident.
You block the orc warrior's attack.
You barely miss the orc warrior.
The orc warrior is almost dead.
The orc hits you but does no damage.
The orc warrior hits you with a +0 scimitar of draining!
* * * LOW HITPOINT WARNING * * *
You feel drained.
* * * LOW HITPOINT WARNING * * *
You barely miss the orc warrior.
The orc warrior is almost dead.
The orc warrior hits you with a +0 scimitar of draining.
You die...

...........≈≈ ......≈.....
#...o.....≈≈ ## #..o≈≈..≈≈..
#.. #...≈≈.....≈
#..###.)......#
............{..#
....#..>....o#######
......###....oo@....#
..............######......
.................## .......
..?.........####...##.....
............### #..#.....
#.............# .......
#.......<.....######......
...###...###............##
#..####....##........##..######


You could see an orc warrior and 2 orcs.

Vanquished Creatures
  Pikel (D:6)
  Grinder (D:5)
  A wraith (Ossuary)
  Menkaure (D:7)
  A water moccasin (D:5)
  2 orc warriors
  Pargi (Sewer)
  4 phantoms
  A centaur (D:7)
  An elf zombie (Ossuary)
  2 scorpions
  2 necrophages (D:5)
  A human zombie (D:6)
  A jelly (D:5)
  An orc priest (D:7)
  A gnoll bouda (D:6)
  2 hounds (D:5)
  2 iguanas (D:6)
  3 mummies (Ossuary)
  Robin (D:4)
  4 gnolls
  8 adders
  2 shadow imps (D:5)
  An ufetubus (D:6)
  2 worms
  5 orcs
  8 bats
  6 endoplasms
  5 giant cockroaches
  15 goblins
  8 hobgoblins
  11 jackals
  7 kobolds
  5 quokkas
  6 ball pythons
  A frilled lizard (D:3)
  2 goblin zombies (Ossuary)
  3 hobgoblin zombies (Ossuary)
  A kobold zombie (Ossuary)
  2 rats
132 creatures vanquished.

Notes
Turn   | Place    | Note
-------+----------+-------------------------------------------
     0 | D:1      | Hadkhar the Formicid Fighter began the quest for the Orb.
     0 | D:1      | Reached XP level 1. HP: 18/18 MP: 1/1
    85 | D:1      | Found a faded altar of an unknown god.
   149 | D:1      | Reached XP level 2. HP: 20/24 MP: 2/2
   798 | D:1      | Reached XP level 3. HP: 29/29 MP: 3/3
  1722 | D:2      | Reached skill level 1 in Maces & Flails
  1876 | D:2      | Reached XP level 4. HP: 36/37 MP: 4/4
  3067 | D:4      | Reached XP level 5. HP: 31/42 MP: 5/5
  3157 | D:4      | Reached skill level 5 in Shields
  3246 | D:4      | Found a bloodstained altar of Trog.
  3487 | D:4      | Noticed a phantom
  3503 | D:4      | Killed a phantom
  3504 | D:4      | Reached XP level 6. HP: 31/49 MP: 6/6
  3700 | D:4      | Noticed Robin
  3875 | D:4      | Killed Robin
  3944 | D:4      | Reached skill level 1 in Stealth
  4446 | D:5      | Entered Level 5 of the Dungeon
  4446 | D:5      | Noticed Grinder
  4459 | D:5      | Killed Grinder
  4460 | D:5      | Reached skill level 5 in Fighting
  4460 | D:5      | Reached skill level 5 in Armour
  4460 | D:5      | Reached skill level 6 in Shields
  4460 | D:5      | Reached XP level 7. HP: 17/56 MP: 7/7
  4959 | D:5      | Noticed a water moccasin
  4978 | D:5      | Killed a water moccasin
  5173 | D:5      | Reached XP level 8. HP: 49/63 MP: 8/8
  5395 | D:5      | Reached skill level 7 in Shields
  6369 | D:6      | Found a glowing drain.
  6389 | D:6      | Found a sand-covered staircase.
  6451 | D:6      | Noticed Pikel
  6453 | Sewer    | Entered a sewer
  6509 | Sewer    | Noticed Pargi
  6524 | Sewer    | Killed Pargi
  6630 | D:6      | Killed Pikel
  6631 | D:6      | Reached skill level 5 in Stealth
  6631 | D:6      | Reached skill level 8 in Shields
  6631 | D:6      | Reached XP level 9. HP: 35/71 MP: 9/9
  6807 | Ossuary  | Entered an ossuary
  7561 | D:6      | Found a glowing silver altar of Zin.
  7665 | D:6      | Found a shimmering blue altar of Sif Muna.
  7665 | D:6      | Found an ancient bone altar of Kikubaaqudgha.
  8196 | D:6      | Found a blossoming altar of Fedhas.
  8197 | D:6      | Found an ornate altar of the Wu Jian Council.
  8216 | D:6      | Became a worshipper of the Wu Jian Council
  8310 | D:6      | Found a staircase to the Ecumenical Temple.
  8396 | D:6      | Found a glowing golden altar of the Shining One.
  8625 | D:7      | Noticed Menkaure
  8645 | D:7      | Killed Menkaure
  8646 | D:7      | Reached skill level 9 in Shields
  8928 | D:7      | Slain by an orc warrior

Illustrated notes

Levels and vault maps discovered:
D:1:      reono_arrival_mine, layout_basic, nicolae_ecumenical_snake_handling
D:2:      layout_loops_ring
D:3:      layout_rooms
D:4:      layout_gridville, trog_antimagical, amcnicky_mini_corridor_feature,
          grunt_ministairs_5, uniq_robin
D:5:      layout_cave_pods, chequers_hall_statues_y, minivault_23, uniq_grinder
D:6:      layout_basic, zin_scriptorium,
          chequers_temple_overflow_statue_of_worship,
          nicolae_tso_swordbearing_angel, jmf_multi_god_temple,
          minmay_temple_entry_antechambers, enter_ossuary_3,
          gup_sewer_entry_glass, item_on_display_a, uniq_pikel
D:7:      layout_rooms, nicolae_uskayaw_suspiria, hangedman_ru_absence,
          mainiacjoe_overflow_alcove_2, serial_shops, shop_statue,
          nicolae_concentric_dashed_squares_mild, uniq_menkaure

Skill      XL: |  1  2  3  4  5  6  7  8  9 |
---------------+----------------------------+-----
Maces & Flails | 1 2 |  2.3
Armour         | 4 5 6 7 |  7.5
Fighting       | 4 5 6 7 |  7.5
Shields        | 5 6 8 9 |  9.1
Stealth        | 2 3 5 7 |  7.0
Axes           | |  2.2

Action                   |  1- 3 |  4- 6 |  7- 9 || total
-------------------------+-------+-------+-------++-------
Melee: War axe           |    19 |       |       ||    19
       Flail             |    99 |   157 |   298 ||   554
Invok: Lunge             |       |       |     4 ||     4
 Abil: Dig               |     1 |       |     2 ||     3
  Use: Scroll            |       |       |     8 ||     8
       Potion            |       |       |     2 ||     2
Armor: Scale mail        |    57 |       |       ||    57
       Plate armour      |       |   155 |   174 ||   329
Dodge: Dodged            |    68 |    53 |    75 ||   196
Block: Buckler           |    44 |    44 |       ||    88
       Kite shield       |       |       |   165 ||   165
